AoeStats
← BobbySausage

Arabia

510330528Analyzed
1v1 RM · 2d ago on Sep 30, 2026· 57m 37s· 2 players
Game mode
Random Map
Map size
Tiny (2 player)
Population
200
Speed
Normal
Resources
Standard
Victory
Conquest
Starting age
Dark Age
Ending age
Imperial Age
RankedLock teamsTeams togetherTeam positionsShared explorationLock speedFull tech treeHidden civsTurbo modeCheats
Victory
Defeat
🇦🇷 Khmer · Argentina
1306
+15
🇬🇧 Poles · United Kingdom
1281
-15
BobbySausage
7:38 Loom
9:44 Feudal Age
12:01 Town Watch
13:21 Scale Barding Armor
13:22 Double-Bit Axe
18:33 Wheelbarrow
23:17 Castle Age
24:05 Bloodlines
25:22 Chain Barding Armor
26:58 Husbandry
27:39 Forging
29:52 Light Cavalry
34:46 Hand Cart
41:04 Iron Casting
44:35 Imperial Age
42:59 Szlachta Privileges
45:14 Scale Mail Armor
45:17 Elite Obuch
46:35 Chain Mail Armor
47:56 Plate Mail Armor
50:49 Cavalier
ARQUVICII ◢ ◤
5:08 Loom
8:55 Feudal Age
9:25 Double-Bit Axe
13:25 Horse Collar
20:28 Castle Age
20:03 Bloodlines
20:46 Forging
20:42 Scale Barding Armor
31:03 Heavy Plow
31:47 Wheelbarrow
31:52 Town Watch
32:17 Pikeman
34:06 Iron Casting
33:52 Chain Barding Armor
36:50 Redemption
37:04 Scale Mail Armor
42:06 Imperial Age
43:12 Conscription
42:29 Cavalier
43:22 Halberdier
44:22 Chain Mail Armor
44:54 Bow Saw
47:51 Hand Cart
53:37 Plate Barding Armor
52:42 Light Cavalry
53:22 Husbandry
53:17 Arson
55:43 Hoardings
55:09 Hussar
Connection lost

Rejoining the realm…

Still unreachable

The connection could not be restored.

Session expired

The server has moved on; the page needs a fresh start.